 Dungeon Crawl Stone Soup version 0.28-a0-1206-g193881aaa2 (webtiles) character file.

Game seed: 4908538953626267719

988 sanka the Carver (level 7, -1/55 HPs)
             Began as a Palentonga Abyssal Knight on Dec 20, 2021.
             Was a Priest of Lugonu.
             Succumbed to a gnoll sergeant's poison
             ... on level 5 of the Dungeon.
             The game lasted 00:15:46 (8489 turns).

sanka the Carver (Palentonga Abyssal Knight)        Turns: 8489, Time: 00:15:46

Health: -1/55      AC:  7    Str: 18    XL:     7   Next: 97%
Magic:  7/11       EV:  9    Int: 11    God:    Lugonu [***...]
Gold:   2          SH:  0    Dex: 10    Spells: 6/6 levels left

rFire   . . .      SeeInvis +   a - +2 scimitar (vorpal)
rCold   . . .      Faith    .   (no shield)
rNeg    . . .      Spirit   .   j - +0 leather armour
rPois   .          Reflect  .   o - +1 helmet
rElec   .          Harm     .   q - +0 cloak
rCorr   .          Rampage  .   (no gloves)
Will    .....                   (no barding)
Stlth   +.........              (no amulet)
HPRegen 0.18/turn               (no ring)
MPRegen 0.12/turn               (no ring)

@: lethally poisoned (-1 -> -28)
A: large, rugged brown scales 3, see invisible, deformed body, roll 1, armoured
tail, reflexive curl
a: Rolling Charge, Renounce Religion, Depart the Abyss, Bend Space, Banish


You were on level 5 of the Dungeon.
You worshipped Lugonu.
Lugonu was most pleased with you.
You visited 1 branch of the dungeon, and saw 5 of its levels.
You visited the Abyss 1 time.
You also visited: Sewer.

You collected 212 gold pieces.
You spent 210 gold pieces at shops.


Innate Abilities, Weirdness & Mutations

You are completely covered in rugged brown scales. (AC +3, +7% HP)
You have supernaturally acute eyesight. (SInv)
Armour fits poorly on your strangely shaped body.
You can roll at nearby foes to attack.
You have a long armoured tail.
You curl defensively after being hit. (AC +7*)


   Skills:
 - Level 3.0 Fighting
 - Level 8.0 Long Blades
 - Level 1.5 Armour
 - Level 0.7 Dodging
 * Level 5.8 Invocations


You had 6 spell levels left.
You didn't know any spells.
Your spell library contained the following spells:

 Spells                   Type           Power      Damage    Failure   Level
 Stone Arrow              Conj/Erth      0%         3d7       77%         3
 Animate Armour           Summ/Erth      0%         N/A       99%         4
 Lehudib's Crystal Spear  Conj/Erth      0%         10d2      100%        8

Inventory:

Hand Weapons
 a - a +2 vorpal scimitar (weapon)
 b - a +0 dagger of venom
 y - a +1 vorpal scimitar
Armour
 j - a +0 leather armour (worn)
 o - a +1 helmet (worn)
 q - a +0 cloak (worn)
Wands
 n - a wand of polymorph (18)
 r - a wand of digging (6)
 x - a wand of iceblast (10)
Scrolls
 c - 2 scrolls of identify {unknown}
 e - a scroll of immolation {unknown}
 g - a scroll of acquirement {unknown}
 h - 5 scrolls of teleportation {@r4}
 i - a scroll of blinking {unknown}
 m - a scroll of fear {unknown}
 p - a scroll of magic mapping {unknown}
 s - 2 scrolls of enchant weapon {unknown}
 t - a scroll of vulnerability {unknown}
 A - a scroll of noise {unknown}
Potions
 d - 2 potions of invisibility {unknown}
 f - a potion of curing {unknown}
 k - a potion of mutation {unknown}
 l - a potion of lignification {unknown}
 u - 2 potions of flight
 v - a potion of might
 w - a potion of magic {unknown}
 z - 2 potions of resistance {unknown}

Dungeon Overview and Level Annotations

Branches:
Dungeon (5/15)              Sewer (visited)
 Temple: D:4-7

Altars:
Fedhas
Qazlal
Wu Jian
Xom

Shops:
D:1 (   D:3 :

Annotations:
D:2 1 runed translucent door, Crazy Yiuf

▒▒▒▒.....................▒
▒▒▒▒.▒▒▒.......▒.........▒
..)))....................▒
▒▒▒▒...............(.....▒
▒▒▒▒▒.▒▒▒▒▒▒.......▒.▒.▒▒▒
.........................▒
▒▒▒.....▒▒▒▒.............▒
▒▒...▒▒ ▒...▒.........▒
▒▒.▒▒ ▒...▒H..£.....▒ ▒
▒.▒ ▒...▒.........▒ ▒▒ ▒.▒
▒....▒g........▒ .▒▒▒...
▒.....▒.........▒ .....8
.......▒.▒.....▒▒▒ .▒▒▒.
▒▒.....▒.▒.....▒ ▒▒
▒.▒.....▒ ▒ ▒.......▒ ..▒
....▒


You could see a gnoll sergeant.


Message History

The gnoll sergeant blocks your attack.
You feel sick.
The gnoll sergeant hits you with a +0 trident of venom.
Unknown command.
You closely miss the gnoll sergeant. The gnoll sergeant blocks your attack.
You feel sick.
The gnoll sergeant hits you but does no damage.
You are more poisoned.
Use which ability? (? or * to list)
Aim: a gnoll sergeant, wielding a +0 trident of venom, wearing a +0 ring mail and wearing a +0 buckler (chance to affect: 84%)
The gnoll sergeant barely resists.
You feel very sick.
The gnoll sergeant hits you with a +0 trident of venom!
* * * LOW HITPOINT WARNING * * *
You are more poisoned.
Unknown command.
Unknown command.
The gnoll sergeant blocks your attack.
You feel very sick.
The gnoll sergeant hits you with a +0 trident of venom!
* * * LOW HITPOINT WARNING * * *
You are lethally poisoned!
You barely miss the gnoll sergeant.
* * * LOW HITPOINT WARNING * * *
You feel extremely sick.
The gnoll sergeant hits you with a +0 trident of venom.
* * * LOW HITPOINT WARNING * * *
Unknown command.
You die...

Action                   |  1- 3 |  4- 6 |  7- 9 || total
-------------------------+-------+-------+-------++-------
Melee: Falchion          |    56 |       |       ||    56
       Tailslap          |    10 |    25 |    14 ||    49
       Dagger            |    31 |    49 |       ||    80
       Scimitar          |       |   195 |   111 ||   306
Invok: Depart the Abyss  |     1 |       |       ||     1
       Banish            |       |       |     1 ||     1
 Abil: Rolling Charge    |     6 |     4 |     8 ||    18
  Use: Potion            |       |     5 |       ||     5
Armor: Leather armour    |    36 |    93 |    46 ||   175
Dodge: Dodged            |    43 |    91 |    46 ||   180

Levels and vault maps discovered:
D:1:      minmay_arrival_four_circles, layout_basic, serial_shops, shop,
          shapermc_ecumenical_altar_hornbeckon
D:2:      layout_basic, minivault_5, uniq_robin, uniq_crazy_yiuf_cottage,
          uniq_jessica
D:3:      layout_loops_cross, serial_shops, nicolae_shop_behind_doors,
          portal_sewer_entry_b, corexii_item_surrounded_by_moat
D:4:      layout_basic, grunt_temple_overflow_open, serial_curves,
          eino_curves_02, eino_curves_03
D:5:      cheibrodos_barr_body, layout_basic, nemelex_spade_bored_becter,
          lemuel_round_altar, hangedman_abyss_or_decor_stabs

Notes
Turn   | Place    | Note
-------+----------+-------------------------------------------
     0 | Abyss:1  | sanka the Palentonga Abyssal Knight began the quest for the
                  | Orb.
     0 | Abyss:1  | Reached XP level 1. HP: 19/19 MP: 2/2
   342 | Abyss:1  | Noticed a spatial vortex
   363 | Abyss:1  | Noticed a small abomination
   371 | D:1      | Escaped the Abyss
   595 | D:1      | Reached * piety under Lugonu
   624 | D:1      | Reached XP level 2. HP: 18/25 MP: 3/3
   804 | D:1      | Found Taut's Antique Weapon Shoppe.
   861 | D:1      | Reached skill level 3 in Long Blades
   985 | D:1      | Found a faded altar of an unknown god.
  1791 | D:2      | Noticed Jessica
  1800 | D:2      | Killed Jessica
  1801 | D:2      | Reached skill level 4 in Long Blades
  1801 | D:2      | Reached XP level 3. HP: 13/31 MP: 4/4
  2025 | D:2      | Found a runed translucent door.
  2026 | D:2      | Noticed Crazy Yiuf
  2464 | D:2      | Reached XP level 4. HP: 33/37 MP: 5/5
  2679 | D:2      | Noticed Robin
  3176 | D:1      | Killed Robin
  3515 | D:3      | Reached ** piety under Lugonu
  3516 | D:3      | Reached skill level 5 in Long Blades
  3636 | D:3      | Found Opretahi's Book Shoppe.
  3671 | D:3      | Reached XP level 5. HP: 41/43 MP: 6/6
  3790 | D:3      | Found a glowing drain.
  3839 | Sewer    | Entered a sewer
  4076 | Sewer    | Reached skill level 6 in Long Blades
  4359 | Sewer    | Reached *** piety under Lugonu
  4437 | Sewer    | Reached XP level 6. HP: 23/50 MP: 7/7
  4447 | Sewer    | HP: 5/50 [poisoned by an adder]
  5814 | D:4      | Reached skill level 7 in Long Blades
  5958 | D:4      | HP: 2/50 [kobold brigand (5)]
  5962 | D:4      | Reached skill level 3 in Invocations
  5962 | D:4      | Gained mutation: You curl defensively after being hit. (AC
                  | +7*) [Palentonga growth]
  5962 | D:4      | Reached XP level 7. HP: 5/55 MP: 7/9
  6498 | D:4      | Found a blossoming altar of Fedhas.
  6502 | D:4      | Found an ornate altar of the Wu Jian Council.
  6503 | D:4      | Found a stormy altar of Qazlal.
  6576 | D:4      | Reached skill level 4 in Invocations
  7106 | D:4      | Reached skill level 5 in Invocations
  7284 | D:5      | Entered Level 5 of the Dungeon
  7742 | D:1      | Bought a runed scimitar for 210 gold pieces
  7852 | D:5      | Found a shimmering altar of Xom.
  7985 | D:5      | HP: 5/55 [poisoned by a gnoll]
  8354 | D:5      | Reached skill level 8 in Long Blades
  8488 | D:5      | HP: 5/55 [gnoll sergeant (5)]
  8489 | D:5      | Succumbed to a gnoll sergeant's poison

Vanquished Creatures
  An ogre (D:4)
  A kobold brigand (D:4)
  A scorpion (D:4)
  A bullfrog zombie (D:4)
  2 hounds (D:4)
  A centaur zombie (D:5)
  A jelly (D:4)
  Jessica (D:2)
  7 orc wizards
  2 merfolk sirens (Sewer)
  A merfolk avatar (Sewer)
  2 hound skeletons
  Robin (D:1)
  9 gnolls
  6 adders
  2 river rats
  A shadow imp (D:5)
  An adder zombie (D:3)
  2 worms
  3 dart slugs
  16 orcs
  6 endoplasms
  7 giant cockroaches
  12 goblins
  6 hobgoblins
  4 jackals (D:3)
  6 kobolds
  3 quokkas
  13 ball pythons
  2 bats (D:1)
  4 frilled lizards
  37 rats
162 creatures vanquished.
